 Dungeon Crawl Stone Soup version 0.31.0-32-g396128a36d (webtiles) character file.

Game seed: 4607777032326939366

77 growler the Magician (level 4, 0/39 HPs)
             Began as an Oni Hedge Wizard on Mar 13, 2024.
             Slain by an orc priest
             ... wielding a +0 flail
              (4 damage)
             ... on level 2 of the Dungeon.
             The game lasted 00:10:07 (3202 turns).

growler the Magician (Oni Hedge Wizard)             Turns: 3202, Time: 00:10:09

Health: 0/39       AC:  3    Str: 14    XL:     4   Next: 33%
Magic:  4/11       EV:  9    Int: 17    God:
Gold:   125        SH:  0    Dex:  8    Spells: 9/14 levels left

rFire   . . .        a - +0 dagger
rCold   . . .        (no shield)
rNeg    . . .        b - +0 robe
rPois   .            c - +0 hat
rElec   .            (no cloak)
rCorr   .            (gloves unavailable)
SInv    .            (boots unavailable)
Will    .....        (no amulet)
Stlth   +            (no ring)
HPRegen 0.26/turn    (no ring)
MPRegen 0.12/turn

%: no passive effects
@: no status effects
A: large, unfitting armour, horns 1, tough skin 1, double potion healing,
drunken brawling
a: no special abilities


You were on level 2 of the Dungeon.
You visited 1 branch of the dungeon, and saw 3 of its levels.

You collected 125 gold pieces.

Inventory:

Hand Weapons
 a - a +0 dagger (weapon)
Armour
 b - a +0 robe (worn)
 c - a +0 hat (worn)
Jewellery
 l - a ring of resist corrosion
Talismans
 e - a beast talisman
Scrolls
 f - a scroll of vulnerability {unknown}
 h - a scroll of revelation {unknown}
 j - a scroll of enchant armour {unknown}
 k - a scroll of amnesia {unknown}
 m - 3 scrolls of identify {unknown}
 n - a scroll of teleportation {unknown}
 o - a scroll of torment {unknown}
Potions
 d - a potion of enlightenment {unknown}
 g - a potion of invisibility {unknown}
 i - a potion of might {unknown}
 p - 2 potions of curing {unknown}


   Skills:
 - Level 1.7 Dodging
 - Level 1.4 Stealth
 + Level 5.7 Spellcasting
 - Level 0.8 Conjurations
 - Level 0.8 Summonings
 - Level 0.8 Translocations


You had 9 spell levels left.
You knew the following spells:

 Your Spells              Type           Power      Damage    Failure   Level
a - Magic Dart            Conj           28%        1d4       10%         1
b - Blink                 Tloc           14%        N/A       14%         2
c - Call Imp              Summ           14%        N/A       14%         2

Your spell library contained the following spells:

 Spells                   Type           Power      Damage    Failure   Level
 Slow                     Hex            16%        N/A       13%         1
 Cigotuvi's Dreadful Rot  Necr/Alch/Air  8%         N/A       21%         2
 Sublimation of Blood     Necr           4%         N/A       21%         2
 Mephitic Cloud           Conj/Alch/Air  5%         N/A       34%         3
 Petrify                  Alch/Erth      4%         N/A       78%         4
 Irradiate                Conj/Alch      3%         3d12      97%         5


Dungeon Overview and Level Annotations

Branches:
Dungeon (3/15)

Altars:

Shops:
D:2 ?


Innate Abilities, Weirdness & Mutations

You are too large for most types of armour.
You have a pair of small horns on your head.
You have tough skin. (AC +1)
You gain doubled healing and magic from potions.
Whenever you drink a healing potion, you attack all around you.


Message History

Your cerulean imp closely misses the orc priest.
You hit the orc priest but do no damage.
The orc priest is moderately wounded.
The orc priest hits you with a +0 flail.
Your cerulean imp barely misses the orc priest.
You barely miss the orc priest.
The orc priest is moderately wounded.
The orc priest barely misses you.
Your cerulean imp hits the orc priest but does no damage.
You barely miss the orc priest.
The orc priest is moderately wounded.
The orc priest hits you with a +0 flail.
Your cerulean imp hits the orc priest but does no damage.
Your magical contamination has completely faded away.
You hit the orc priest but do no damage.
Your headbutt misses the orc priest.
The orc priest is moderately wounded.
The orc priest hits you with a +0 flail.
Your cerulean imp barely misses the orc priest.
You hit the orc priest.
The orc priest is moderately wounded.
The orc priest mumbles some strange prayers to Beogh against you.
Pain shoots through your body!
Your cerulean imp hits the orc priest from afar with a -4 spear.
You barely miss the orc priest. Your headbutt misses the orc priest.
The orc priest is heavily wounded.
The orc priest invokes the aid of Beogh against you.
Pain shoots through your body!
* * * LOW HITPOINT WARNING * * *
Your cerulean imp closely misses the orc priest.
Unknown command.
Casting: Call Imp (safe; 14% risk of failure)
Confirm with . or Enter, or press ? or * to list all spells.
Aiming: Magic Dart (safe; 10% risk of failure)
Press: ? - help, Shift-Dir - straight line, f - orc priest
Aim: an orc priest, wielding a +0 flail and wearing a +0 ring mail (heavily wounded, ally target, 100% to hit)
The magic dart hits the orc priest.
The orc priest is severely wounded.
The orc priest hits you with a +0 flail.
You die...

#.........###.#.....##....
########### #.............
#...#####.......##.#.#
#.#.#...........##.#.#
#.#.#.#...##....##.#.#
########.#.#.#.#.########.#.#
#........#)#...#.########....
#.........5.o................
#.........<.@................
#...........#################
#...........########
#..................#
#............#####.#
#........#.#### #.#
#........#.'∩## ##'#####
##########.#### #......# ###
#...## #......# #..


You could see an orc priest (ally target) and a friendly cerulean imp
(summoned).

Vanquished Creatures
  An adder (D:2)
  3 dart slugs
  A ribbon worm (D:2)
  4 orcs (D:3)
  4 endoplasms
  A giant cockroach (D:1)
  A goblin (D:1)
  3 hobgoblins
  9 jackals (D:2)
  2 quokkas
  4 ball pythons (D:1)
  5 bats
  2 frilled lizards
  2 kobolds
  7 rats
49 creatures vanquished.

Vanquished Creatures (collateral kills)
  A ribbon worm (D:2)
1 creature vanquished.

Grand Total: 50 creatures vanquished

Notes
Turn   | Place    | Note
-------+----------+-------------------------------------------
     0 | D:1      | growler the Oni Hedge Wizard began the quest for the Orb.
     0 | D:1      | Reached XP level 1. HP: 16/16 MP: 5/5
   179 | D:1      | Reached skill level 4 in Spellcasting
   289 | D:1      | Reached XP level 2. HP: 24/24 MP: 2/7
   932 | D:1      | Reached XP level 3. HP: 31/31 MP: 5/9
  1528 | D:1      | Learned a level 2 spell: Blink
  1531 | D:1      | Learned a level 2 spell: Call Imp
  1631 | D:2      | Found Pinkegg's Magic Scroll Boutique.
  1683 | D:2      | Reached skill level 5 in Spellcasting
  2565 | D:2      | Reached XP level 4. HP: 38/39 MP: 7/11
  3202 | D:2      | Slain by an orc priest

Illustrated notes

Levels and vault maps discovered:
D:1:      onia_arrival_handbag, layout_basic, minmay_cupped
D:2:      layout_basic, serial_shops, nicolae_shop_tiny_glass
D:3:      layout_basic, mainiacjoe_overflow_alcove_3, hangedman_glass_teeth,
          uniq_grinder

Skill      XL: |  1  2  3 |
---------------+----------+-----
Spellcasting   | 4 5 |  5.7
Dodging        | |  1.7
Stealth        | |  1.4
Conjurations   | |  0.8
Summonings     | |  0.8
Translocations | |  0.8

Action                     |  1- 3 |  4- 6 || total
---------------------------+-------+-------++-------
  Melee: Dagger            |    59 |     9 ||    68
         Headbutt          |    12 |     1 ||    13
   Cast: Magic Dart        |   101 |    26 ||   127
         Call Imp          |     3 |     3 ||     6
    Use: Potion            |     1 |       ||     1
 Armour: Robe              |    82 |    11 ||    93
  Dodge: Dodged            |    52 |     3 ||    55
